 Dungeon Crawl Stone Soup version 0.27.1-34-g3ba077fa99 (webtiles) character file.

Game seed: 7125694891893532637

48 MisterFreud the Cudgeller (level 3, -8/31 HPs)
             Began as a Gnoll Wanderer on Jan 1, 2022.
             Was a Follower of Dithmenos.
             Mangled by Grinder (10 damage)
             ... on level 3 of the Dungeon.
             The game lasted 00:02:58 (2553 turns).

MisterFreud the Cudgeller (Gnoll Wanderer)          Turns: 2553, Time: 00:02:59

Health: -8/31      AC:  2    Str: 11    XL:     3   Next: 72%
Magic:  4/4        EV: 11    Int: 13    God:    Dithmenos [*.....]
Gold:   102        SH:  0    Dex: 10    Spells: 3/3 levels left

rFire    . . .     SeeInvis .   a - +2 mace
rCold    . . .     Faith    .   (no shield)
rNeg     . . .     Spirit   .   e - +0 robe
rPois    .         Reflect  .   (no helmet)
rElec    .         Harm     .   (no cloak)
rCorr    .         Rampage  .   (no gloves)
Will     .....                  (no boots)
Stlth    ++........             (no amulet)
HPRegen  0.10/turn              (no ring)
MPRegen  0.09/turn              (no ring)

@: very slightly contaminated, wreathed by umbra, invisible
A: fangs 1, strong nose, distributed training
a: Renounce Religion


You were on level 3 of the Dungeon.
You worshipped Dithmenos.
Dithmenos was aware of your devotion.
You visited 1 branch of the dungeon, and saw 3 of its levels.

You collected 102 gold pieces.

Inventory:

Hand Weapons
 a - a +2 mace (weapon)
 d - a +0 dagger
Missiles
 c - 10 poisoned darts (quivered)
 p - 7 silver javelins
Armour
 e - a +0 robe (worn)
Jewellery
 k - a ring of flight
Scrolls
 f - a scroll of fear {unknown}
 h - a scroll of immolation {unknown}
 i - a scroll of noise {unknown}
 j - a scroll of identify {unknown}
Potions
 b - a potion of lignification
 g - a potion of attraction {unknown}
 l - a potion of might {unknown}
 o - a potion of flight {unknown}


   Skills:
 + Level 4.5 Fighting
 + Level 0.9 Short Blades
 + Level 0.9 Long Blades
 + Level 0.9 Axes
 + Level 6.5 Maces & Flails
 + Level 0.9 Polearms
 + Level 0.9 Staves
 + Level 0.9 Slings
 + Level 0.9 Bows
 + Level 0.9 Crossbows
 + Level 2.6 Throwing
 + Level 0.9 Armour
 + Level 0.9 Dodging
 + Level 2.4 Stealth
 + Level 0.9 Shields
 + Level 0.9 Unarmed Combat
 + Level 0.9 Spellcasting
 + Level 0.6 Conjurations
 + Level 0.6 Hexes
 + Level 0.6 Summonings
 + Level 5.4 Necromancy
 + Level 0.6 Translocations
 + Level 0.6 Transmutations
 + Level 0.6 Fire Magic
 + Level 0.6 Ice Magic
 + Level 0.6 Air Magic
 + Level 0.6 Earth Magic
 + Level 0.6 Poison Magic
 + Level 1.0 Invocations
 + Level 0.9 Evocations


You had 3 spell levels left.
You didn't know any spells.
Your spell library contained the following spells:

 Spells                   Type           Power      Damage    Failure   Level
 Sandblast                Erth           4%         2d4       22%         1
 Sting                    Tmut/Pois      8%         1d3       22%         1
 Passwall                 Tmut/Erth      1%         N/A       32%         2
 Poisonous Vapours        Pois/Air       4%         N/A       32%         2
 Ozocubu's Armour         Ice            2%         N/A       54%         3
 Olgreb's Toxic Radiance  Pois           2%         N/A       91%         4
 Lee's Rapid Deconstruct  Erth           1%         3d5*      99%         5
 Metabolic Englaciation   Hex/Ice        1%         N/A       99%         5
 Simulacrum               Ice/Necr       4%         N/A       100%        6


Dungeon Overview and Level Annotations

Branches:
Dungeon (3/15)

Altars:
Dithmenos

Annotations:
D:3 Grinder


Innate Abilities, Weirdness & Mutations

You have very sharp teeth.
Your uncanny sense of smell can sniff out nearby items.
Your experience applies equally to all skills.


Message History

You can move again.
Unknown command.
It was a potion of curing.
You feel better. Something hits you but does no damage.
You feel better. Something hits you!
* * * LOW HITPOINT WARNING * * *
You hit something. Something hits you but does no damage.
You miss something.
Something tries to affect you, but you resist.
Something hits you.
* * * LOW HITPOINT WARNING * * *
You hit something.
Your transformation is almost over.
Grinder appears from thin air!
Reactivating autopickup.
Grinder hits you but does no damage.
You closely miss Grinder.
Grinder is moderately wounded.
Grinder hits you but does no damage.
You closely miss Grinder.
Grinder is moderately wounded.
Grinder gestures at you.
You suddenly lose the ability to move!
Grinder hits you but does no damage. x2
Grinder hits you!
* * * LOW HITPOINT WARNING * * *
Grinder hits you but does no damage.
You can move again.
Unknown command.
You fade into invisibility!
Grinder hits you but does no damage.
You are very lightly contaminated with residual magic.
You closely miss Grinder.
Grinder is moderately wounded.
Grinder hits you but does no damage.
You closely miss Grinder.
Grinder is moderately wounded.
You feel less wooden.
Your +0 robe unmelds from your body.
Grinder hits you!
You die...

#......# #..# #
#####......# #..# #
#..†.......# #..# #
#.#####.#### #..# #
#.# #.# #..# . #.#
#.#######..##### #.#
#...............
#.####################
#...5@....... .....
############# ##### ∆
# # # ####### .......
....... #######


You could see Grinder.

Vanquished Creatures
  2 adders (D:3)
  An ufetubus (D:3)
  A dart slug (D:2)
  An orc (D:3)
  A ball python (D:2)
  3 endoplasms (D:1)
  A giant cockroach (D:1)
  A goblin (D:1)
  A hobgoblin (D:2)
  3 kobolds
  2 quokkas
  3 bats
  A frilled lizard (D:1)
  A rat (D:1)
22 creatures vanquished.

Vanquished Creatures (others)
  A fungus (D:2)
1 creature vanquished.

Grand Total: 23 creatures vanquished

Notes
Turn   | Place    | Note
-------+----------+-------------------------------------------
     0 | D:1      | MisterFreud the Gnoll Wanderer began the quest for the Orb.
     0 | D:1      | MisterFreud set off with the following items: a +2 mace, a
                  | potion of lignification, 10 poisoned darts, a +0 dagger, a
                  | +0 robe
     0 | D:1      | Reached XP level 1. HP: 20/20 MP: 1/1
   385 | D:1      | Reached XP level 2. HP: 26/26 MP: 2/2
  1546 | D:2      | Found a faded altar of an unknown god.
  1549 | D:2      | Became a worshipper of Dithmenos the Shadowed
  1549 | D:2      | Reached * piety under Dithmenos
  1792 | D:3      | Reached XP level 3. HP: 15/31 MP: 3/3
  2160 | D:3      | Reached skill level 1 in Invocations
  2505 | D:3      | Noticed Grinder
  2534 | D:3      | Paralysed by something for 6 turns
  2537 | D:3      | HP: 1/46 [something (7)]
  2546 | D:3      | Paralysed by Grinder for 5 turns
  2549 | D:3      | HP: 2/46 [Grinder (8)]
  2553 | D:3      | Mangled by Grinder

Illustrated notes

Levels and vault maps discovered:
D:1:      noname_arrival_rooms_in_the_neighbourhood, layout_basic
D:2:      layout_basic, shapermc_ecumenical_altar_mp_urbaneastern,
          minmay_misc_feat_square
D:3:      layout_basic, uniq_grinder, uniq_terence

Skill      XL: |  1  2  3 |
---------------+----------+-----
Invocations    | 1 |  1.0
Fighting       | |  4.5
Short Blades   | |  0.9
Long Blades    | |  0.9
Axes           | |  0.9
Maces & Flails | |  6.5
Polearms       | |  0.9
Staves         | |  0.9
Slings         | |  0.9
Bows           | |  0.9
Crossbows      | |  0.9
Throwing       | |  2.6
Armour         | |  0.9
Dodging        | |  0.9
Stealth        | |  2.4
Shields        | |  0.9
Unarmed Combat | |  0.9
Spellcasting   | |  0.9
Conjurations   | |  0.6
Hexes          | |  0.6
Summonings     | |  0.6
Necromancy     | |  5.4
Translocations | |  0.6
Transmutations | |  0.6
Fire Magic     | |  0.6
Ice Magic      | |  0.6
Air Magic      | |  0.6
Earth Magic    | |  0.6
Poison Magic   | |  0.6
Evocations     | |  0.9

Action                   || total
-------------------------++-------
Melee: Mace              ||    77
       Bite              ||     4
       Dagger            ||     1
       Punch             ||     1
  Use: Potion            ||     4
 Stab: Sleeping          ||     6
Armor: Robe              ||     7
       Skin              ||    28
Dodge: Dodged            ||    29
